 Dungeon Crawl Stone Soup version 0.25.1-1-g288607f5aa (webtiles) character file.

Game seed: 3946618681484556064

42421 Ijustatesigmund the Fighter (level 14, -6/106 HPs)
             Began as an Octopode Fighter on July 22, 2020.
             Was the Champion of Cheibriados.
             Killed from afar by a Hell Sentinel (47 damage)
             ... with damnation
             ... on level 1 of the Abyss.
             The game lasted 00:42:58 (20087 turns).

Ijustatesigmund the Fighter (Octopode Fighter)     Turns: 20087, Time: 00:42:58

Health: -6/106     AC:  5    Str: 31    XL:     14   Next: 19%
Magic:  31/31      EV: 27    Int: 26    God:    Cheibriados [******]
Gold:   1411       SH: 21    Dex: 32    Spells: 13/13 levels left

rFire    + . .     SeeInvis .   k - +3 war axe (vamp)
rCold    . . .     Gourm    .   b - +2 kite shield
rNeg     + . .     Faith    .   (helmet restricted)
rPois    +         Spirit   .   M - amulet of reflection
rElec    .         Reflect  +   f - +4 ring of protection
rCorr    .         Harm     .   q - ring of positive energy
MR       ++...                  w - +4 ring of evasion
Stlth    +++++.....             y - ring of magical power
HPRegen  0.27/turn              D - ring of protection from fire
MPRegen  0.22/turn              L - ring of poison resistance
                                (no ring)
                                (no ring)

@: about to teleport, very slow
A: almost no armour, stealthy swim, amphibious, 8 rings, constrict 8, camouflage
1, agile 1, magic resistance 1, sense surroundings 1, gelatinous body 1
a: Bend Time, Temporal Distortion, Slouch, Step From Time, Renounce Religion


You were on level 1 of the Abyss.
You worshipped Cheibriados.
Cheibriados was exalted by your worship.
You were not hungry.

You visited 3 branches of the dungeon, and saw 15 of its levels.
You visited the Abyss 1 time.
You also visited: Sewer and Ossuary.

You collected 1411 gold pieces.

Inventory:

Hand Weapons
 a - a +3 broad axe
 h - a +2 hand axe of flaming
 k - a +3 vampiric war axe (weapon)
Missiles
 i - 69 poisoned darts
 x - an atropa-tipped dart (quivered)
Armour
 b - a +2 kite shield (worn)
Jewellery
 f - a +4 ring of protection (left tentacle)
 q - a ring of positive energy (right tentacle)
 w - a +4 ring of evasion (on tentacle)
 y - a ring of magical power (on tentacle)
 D - a ring of protection from fire (on tentacle)
 K - an uncursed ring of flight
 L - a ring of poison resistance (on tentacle)
 M - an amulet of reflection (around mantle)
Wands
 o - a wand of polymorph (9)
 B - a wand of paralysis (9)
 C - a wand of acid (1)
 G - a wand of disintegration (12)
 I - a wand of clouds (2)
Scrolls
 r - 5 scrolls of amnesia
 s - 15 scrolls of remove curse
 E - a scroll of magic mapping
 F - a scroll of fear
 J - a scroll of fog
 P - 3 scrolls of immolation
Potions
 c - 3 potions of ambrosia
 e - 6 potions of cancellation
 j - 5 potions of brilliance
 l - 3 potions of stabbing
 m - 2 potions of flight
 n - 13 potions of curing
 p - 2 potions of resistance
 t - a potion of mutation
 u - 3 potions of lignification
 v - a potion of might
 z - 2 potions of magic {unknown}
 A - 2 potions of haste {unknown}
Miscellaneous
 H - 2 phantom mirrors
 N - a tin of tremorstones (3/3)
Comestibles
 d - 19 rations


   Skills:
 - Level 13.1 Fighting
 - Level 12.9 Axes
 - Level 2.2 Throwing
 + Level 8.9 Dodging
 - Level 5.8 Stealth
 + Level 8.8 Shields
 + Level 10.9 Invocations


You had 13 spell levels left.
You didn't know any spells.
Your spell library contained the following spells:

 Spells                   Type           Power        Failure   Level  Hunger
 Corona                   Hex            #......      28%         1    ##.....
 Foxfire                  Conj/Fire      #...         28%         1    ##.....
 Infusion                 Chrm           #...         28%         1    ##.....
 Ensorcelled Hibernation  Hex/Ice        #.....       38%         2    ###....
 Shroud of Golubria       Chrm/Tloc      #.....       38%         2    ###....
 Song of Slaying          Chrm           #.......     38%         2    ###....
 Confusing Touch          Hex            #.......     63%         3    ####...
 Conjure Flame            Conj/Fire      #.......     63%         3    ####...
 Dazzling Flash           Conj/Hex       #.....       63%         3    ####...
 Inner Flame              Hex/Fire       #.......     63%         3    ####...
 Ozocubu's Armour         Chrm/Ice       #.......     63%         3    ####...
 Spectral Weapon          Hex/Chrm       #.......     63%         3    ####...
 Tukima's Dance           Hex            #.......     63%         3    ####...
 Sticky Flame             Conj/Fire      #.......     95%         4    #####..
 Fireball                 Conj/Fire      #.........   100%        5    ######.


Dungeon Overview and Level Annotations

Branches:
Dungeon (12/15)            Temple (1/1) D:6            Lair (0/6) D:11
    Orc (2/2) D:11          Sewer (visited)         Ossuary (visited)
    Elf: Orc:2

Altars:
Ashenzari
Cheibriados
Dithmenos
Elyvilon
Fedhas
Gozag
Hepliaklqana
Kikubaaqudgha
Makhleb
Nemelex Xobeh
Okawaru
Qazlal
Ru
Sif Muna
Trog
Uskayaw
Vehumet
Wu Jian
Xom
Yredelemnul
Zin
The Shining One

Shops:
D:5 (

Annotations:
D:4 1 runed translucent door


Innate Abilities, Weirdness & Mutations

You cannot wear most types of armour.
You are very stealthy in the water. (Stealth+)
You are amphibious.
You can wear up to eight rings at the same time.
You can use your tentacles to constrict eight enemies at once.
Your skin changes colour to match your surroundings (Stealth+).
Your rubbery body absorbs attacks. (AC +1, EV +1)
You are agile. (Dex +2)
You are resistant to hostile enchantments. (MR+)
You passively map a small area around you.


Message History

You feel strangely unstable.
You feel the power of the Abyss delaying your translocation!
You slash the Hell Sentinel! You squeeze the Hell Sentinel!
The Hell Sentinel is lightly wounded.
The Hell Sentinel hits you! You block the Hell Sentinel's attack.
You hit the Hell Sentinel. You squeeze the Hell Sentinel!
The Hell Sentinel is lightly wounded.
You block the Hell Sentinel's attack. The Hell Sentinel hits you.
You hit the Hell Sentinel but do no damage.
The Hell Sentinel is lightly wounded.
Tentacles burst from the starspawn's body!
You block the Hell Sentinel's attack.
The Hell Sentinel hits you but does no damage. 2 starspawn tentacles come into view.
You are struck by the Hell Sentinel's spines.
You slice the Hell Sentinel!!
The Hell Sentinel is moderately wounded.
The Hell Sentinel gestures at you.
The sphere of damnation explodes!
The damnation engulfs you!!!
You die...

# #.#.
#.. #..##
# .#. #
w.### ...
# wX..#
... #...#
#.##...#
..
#.##X#..#
# #.#1#
.#
#@#.##..
#..## #
#.. ### .
#


You could see a Hell Sentinel, a tentacled starspawn, a large abomination and 2
starspawn tentacles.

Vanquished Creatures
  A tentacled starspawn (Abyss:1)
  A tengu reaver (D:12)
  2 orc warlords (Orc:2)
  Josephine (Orc:2)
  A yaktaur captain (D:12)
  A hydra (D:11)
  3 two-headed ogres (D:12)
  A death knight (D:11)
  An orc high priest (Orc:2)
  A large abomination (Abyss:1)
  Urug (D:11)
  A fire crab (D:12)
  A sixfirhy (Abyss:1)
  A wizard (D:12)
  An unseen horror (D:11)
  4 orc knights
  3 cyclopes
  3 orc sorcerers
  A wolf spider (D:12)
  A worldbinder (Abyss:1)
  The ghost of martbhell the Slasher, a novice MiFi (D:4)
  An orange demon (Abyss:1)
  2 gargoyles
  An efreet (D:12)
  An ancient zyme (Abyss:1)
  7 trolls
  5 hippogriffs
  8 slime creatures (D:12)
  4 wraiths
  A shadow (D:12)
  A wyvern (D:12)
  2 hungry ghosts
  3 vampires
  2 hogs (D:9)
  18 yaks
  A human (D:9)
  Menkaure (Ossuary)
  2 vampire mosquitoes
  2 soldier ants
  2 wargs (Orc:2)
  An acid dragon (D:12)
  33 orc warriors
  2 sky beasts
  2 black bears
  5 ice beasts
  A necrophage (D:12)
  2 small abominations (Abyss:1)
  An eye of draining (D:12)
  3 phantoms
  20 ogres
  4 centaurs
  3 crocodiles
  2 elf zombies
  4 big kobolds
  11 bullfrogs
  2 elf skeletons (D:4)
  A scorpion (D:11)
  10 wights
  8 killer bees (D:12)
  7 crimson imps
  3 centaur zombies
  4 hounds
  2 jellies
  2 quasits
  A gnoll shaman (D:4)
  17 orc priests
  2 bullfrog zombies
  2 centaur skeletons
  An iron imp (Abyss:1)
  6 bullfrog skeletons
  2 iguanas
  11 worker ants
  20 orc wizards
  A killer bee zombie (D:6)
  4 ogre zombies (Ossuary)
  A hound skeleton (D:8)
  6 mummies (Ossuary)
  A worker ant zombie (D:10)
  Robin (D:1)
  5 gnolls
  2 howler monkey skeletons
  16 adders
  6 river rats
  6 shadow imps
  2 oozes
  8 adder zombies
  2 adder skeletons (D:9)
  3 worms
  A dart slug (D:2)
  5 leopard geckos
  92 orcs
  10 bats
  11 giant cockroaches
  A gnoll zombie (Ossuary)
  13 hobgoblins
  2 jackals (D:1)
  41 kobolds
  10 quokkas
  12 ball pythons
  9 frilled lizards
  17 goblins
  2 goblin skeletons (D:6)
  6 goblin zombies
  4 hobgoblin zombies
  A jackal skeleton (D:9)
  A jackal zombie (D:6)
  2 kobold skeletons (D:6)
  9 kobold zombies
  A leopard gecko skeleton (D:9)
  3 orc skeletons
  3 orc zombies
  A quokka skeleton (D:5)
  3 quokka zombies
  28 rats
  4 rat zombies (Ossuary)
  A withered plant (D:11)
647 creatures vanquished.

Vanquished Creatures (collateral kills)
  A hydra (D:12)
  A crocodile (D:9)
2 creatures vanquished.

Vanquished Creatures (others)
  A hound (D:10)
  3 fungi (D:11)
  A plant (D:11)
  2 starspawn tentacles (Abyss:1)
7 creatures vanquished.

Grand Total: 656 creatures vanquished

Notes
Turn   | Place    | Note
-------+----------+-------------------------------------------
     0 | D:1      | Ijustatesigmund the Octopode Fighter began the quest for
                  | the Orb.
     0 | D:1      | Reached XP level 1. HP: 16/16 MP: 1/1
   254 | D:1      | Reached XP level 2. HP: 21/21 MP: 2/2
   676 | D:1      | Reached XP level 3. HP: 24/26 MP: 3/3
  1014 | D:2      | Noticed Robin
  1795 | D:1      | Killed Robin
  1795 | D:1      | Reached XP level 4. HP: 11/33 MP: 4/4
  2657 | D:2      | Reached skill level 4 in Fighting
  2816 | D:3      | Found a shimmering altar of Xom.
  2894 | D:3      | Found a shattered altar of Ashenzari.
  2933 | D:3      | Noticed a bullfrog
  2941 | D:3      | Killed a bullfrog
  2941 | D:3      | Reached XP level 5. HP: 24/37 MP: 5/5
  3048 | D:3      | Found a radiant altar of Vehumet.
  3068 | D:3      | Found a glowing drain.
  3084 | Sewer    | Entered a sewer
  3370 | Sewer    | Reached XP level 6. HP: 38/44 MP: 6/6
  3735 | Sewer    | Reached skill level 5 in Fighting
  4153 | D:3      | Reached XP level 7. HP: 12/50 MP: 7/7
  5072 | D:4      | Found a sacrificial altar of Ru.
  5147 | D:4      | Found a runed translucent door.
  5216 | D:4      | Reached skill level 5 in Axes
  5243 | D:4      | Found a sand-covered staircase.
  5248 | Ossuary  | Entered an ossuary
  5545 | Ossuary  | Reached skill level 1 in Stealth
  5696 | Ossuary  | Reached skill level 6 in Fighting
  5696 | Ossuary  | Reached XP level 8. HP: 48/57 MP: 8/8
  6012 | Ossuary  | Noticed Menkaure
  6027 | Ossuary  | Killed Menkaure
  6541 | D:4      | Found a runed translucent door.
  6572 | D:4      | Noticed martbhell's ghost (novice MiFi)
  6600 | D:4      | Killed martbhell's ghost
  6600 | D:4      | Reached skill level 7 in Fighting
  6600 | D:4      | Reached skill level 5 in Stealth
  6600 | D:4      | Reached XP level 9. HP: 63/64 MP: 9/9
  6969 | D:5      | Entered Level 5 of the Dungeon
  7917 | D:5      | Found Zosk's Weapon Shoppe.
  8137 | D:6      | Found a staircase to the Ecumenical Temple.
  8174 | D:6      | Found a glowing golden altar of the Shining One.
  8227 | D:6      | Reached skill level 8 in Fighting
  9100 | Temple   | Entered the Ecumenical Temple
  9346 | D:7      | Found an iron altar of Okawaru.
  9391 | D:7      | Noticed a cyclops
  9411 | D:8      | Reached skill level 5 in Dodging
  9411 | D:8      | Reached skill level 5 in Shields
  9881 | D:8      | Reached XP level 10. HP: 73/73 MP: 10/10
 10101 | D:7      | Killed a cyclops
 10103 | D:7      | Reached skill level 9 in Fighting
 10476 | D:7      | Found a shimmering blue altar of Sif Muna.
 10476 | D:7      | Found an ornate altar of the Wu Jian Council.
 10743 | D:8      | Found a hazy altar of Hepliaklqana.
 11293 | D:8      | Found a glowing silver altar of Zin.
 11293 | D:8      | Noticed an angel
 11521 | D:9      | Noticed a gargoyle
 12134 | D:9      | Reached skill level 10 in Fighting
 12153 | D:9      | Reached XP level 11. HP: 43/81 MP: 10/11
 12206 | D:9      | Reached skill level 10 in Axes
 13024 | D:9      | Found an ancient bone altar of Kikubaaqudgha.
 13027 | D:9      | Found a bloodstained altar of Trog.
 13030 | D:9      | Found a snail-covered altar of Cheibriados.
 13035 | D:9      | Became a worshipper of Cheibriados the Contemplative
 13346 | D:9      | Reached skill level 1 in Invocations
 13525 | D:10     | Entered Level 10 of the Dungeon
 14072 | D:10     | Reached skill level 11 in Fighting
 14074 | D:10     | Reached * piety under Cheibriados
 14426 | D:11     | Found a basalt altar of Yredelemnul.
 14563 | D:11     | Noticed Urug
 14565 | D:11     | Noticed a four-headed hydra
 14577 | D:11     | Killed Urug
 14679 | D:11     | Killed a one-headed hydra
 14789 | D:11     | Found a staircase to the Orcish Mines.
 14898 | D:11     | Reached ** piety under Cheibriados
 15082 | D:11     | Killed an unseen horror
 15220 | D:11     | Found a staircase to the Lair.
 15292 | D:11     | Gained mutation: You are resistant to hostile enchantments.
                  | (MR+) [potion of mutation]
 15292 | D:11     | Gained mutation: You are agile. (Dex +2) [potion of
                  | mutation]
 15345 | D:11     | Reached XP level 12. HP: 78/90 MP: 15/15
 15552 | D:11     | Reached skill level 5 in Invocations
 15676 | D:12     | Noticed a death knight
 15697 | D:11     | Killed a death knight
 15869 | D:12     | Reached skill level 12 in Fighting
 15885 | D:12     | Reached *** piety under Cheibriados
 16021 | D:12     | Noticed a yaktaur captain
 16032 | D:12     | Killed a yaktaur captain
 16046 | D:12     | Identified the +2 great sword of Joalemy {holy, rF- Str+3
                  | Int+2}
 16522 | D:12     | Noticed a two-headed ogre
 16531 | D:12     | Killed a two-headed ogre
 16651 | D:12     | Noticed a two-headed ogre
 16662 | D:12     | Killed a two-headed ogre
 16662 | D:12     | Reached **** piety under Cheibriados
 16666 | D:12     | Noticed an eight-headed hydra
 16668 | D:12     | Killed an eight-headed hydra
 17158 | D:12     | Reached XP level 13. HP: 82/98 MP: 19/19
 17242 | D:12     | Reached skill level 13 in Fighting
 17242 | D:12     | Noticed a tengu reaver
 17290 | D:12     | Killed a tengu reaver
 17500 | D:12     | Reached ***** piety under Cheibriados
 17669 | D:12     | Reached skill level 1 in Throwing
 18422 | Orc:1    | Entered Level 1 of the Orcish Mines
 18682 | Orc:2    | Entered Level 2 of the Orcish Mines
 19156 | Orc:1    | Reached ****** piety under Cheibriados
 19202 | Orc:2    | Noticed Josephine
 19211 | Orc:2    | Killed Josephine
 19378 | Orc:2    | Noticed an orc warlord
 19412 | Orc:2    | Killed an orc warlord
 19412 | Orc:2    | Reached skill level 10 in Invocations
 19458 | Orc:2    | Noticed an orc warlord
 19472 | Orc:2    | Gained mutation: You passively map a small area around you.
                  | [a neqoxec]
 19512 | Orc:2    | Killed an orc warlord
 19730 | Orc:2    | Reached XP level 14. HP: 103/106 MP: 21/21
 19741 | Orc:2    | Cast into level 1 of the Abyss (chaos spawn)
 19981 | Abyss:1  | Noticed a starcursed mass
 19998 | Abyss:1  | Noticed a tentacled starspawn
 20008 | Abyss:1  | Killed a tentacled starspawn
 20035 | Abyss:1  | Noticed a tentacled starspawn
 20075 | Abyss:1  | Noticed a starcursed mass
 20076 | Abyss:1  | Noticed a Hell Sentinel
 20087 | Abyss:1  | Killed from afar by a Hell Sentinel

Illustrated notes

Levels and vault maps discovered:
D:1:      grunt_arrival_crossed_arrows, layout_basic, minmay_worlds_worst_comb
D:2:      layout_rooms, minmay_misc_feat_more_columns,
          wander_ebering_terrifying_dragon_lair, uniq_robin
D:3:      minmay_thinvault, layout_basic, lemuel_coloured_pillars_altar,
          lemuel_doored_altar, first_ration, portal_sewer_entry_d,
          xom_teletrap_fun
D:4:      layout_loops_ring, ebering_ghost_sewer_f,
          nicolae_ossuary_entry_catacombs, nicolae_ru_great_annihilating_truth
D:5:      layout_basic, serial_shops, shop
D:6:      layout_basic, nicolae_tso_besieged_by_evil, minmay_temple_entry_waves
D:7:      layout_rooms, gammafunk_temple_overflow_elements, okawaru_gym_becter
D:8:      layout_gridville, kennysheep_little_box, zin_angel
D:9:      minmay_the_grid_octo_triangle [minmay_the_grid_octo_horde,
          minmay_the_grid_octo_prize_star, minmay_the_grid_octo_clover_2],
          layout_stronghold, grunt_temple_overflow_diamond, grunt_livestock
D:10:     layout_loops_cross, lemuel_flamethrower_2
D:11:     cheibrodos_orc_bank, layout_rooms, grunt_lair_entry_orc_guard_hut,
          yredelemnul_altar_generic, uniq_urug
D:12:     minmay_complete_graph, layout_irregular_city, minmay_circle_x
Temple:   jpeg_temple_alley_garden
Orc:1:    layout_diamond_mine
Orc:2:    grunt_orc_cross, layout_diamond_mine, uniq_josephine
Abyss:1:  base:
D:13

Skill      XL: |  1  2  3  4  5  6  7  8  9 10 11 12 13 |
---------------+----------------------------------------+-----
Fighting       | 4 5 6 7 8 10 11 12 13 | 13.1
Axes           | 3 4 5 6 8 9 11 12 | 12.9
Dodging        | 4 5 6 8 |  8.9
Shields        | 4 5 6 8 |  8.8
Stealth        | 2 5 |  5.8
Invocations    | 4 8 10 | 10.9
Throwing       | 2 |  2.2

Action                   |  1- 3 |  4- 6 |  7- 9 | 10-12 | 13-15 || total
-------------------------+-------+-------+-------+-------+-------++-------
Melee: War axe           |    57 |   170 |       |       |   256 ||   483
       Constrict         |    13 |    42 |    80 |    86 |    55 ||   276
       Tentacles         |    13 |    32 |    74 |   188 |   120 ||   427
       Broad axe         |       |       |    73 |   488 |    32 ||   593
       Hand axe          |       |       |   293 |   100 |       ||   393
Throw: Dart              |       |    13 |       |     3 |    17 ||    33
Invok: Slouch            |       |       |       |       |     2 ||     2
Evoke: Wand              |       |       |       |     5 |    10 ||    15
       Phantom mirror    |       |       |       |     1 |       ||     1
  Use: Scroll            |     2 |     5 |     8 |    12 |     4 ||    31
       Potion            |     1 |       |     3 |     8 |     2 ||    14
 Stab: Sleeping          |     2 |     9 |    32 |    15 |     4 ||    62
       Paralysed         |       |       |     1 |       |       ||     1
       Distracted        |       |       |     1 |     2 |     2 ||     5
       Confused          |       |       |       |       |     7 ||     7
       Invisible         |       |       |       |       |     3 ||     3
  Eat: Chunk             |     1 |     6 |    12 |    20 |     4 ||    43
       Ration            |     1 |       |     2 |       |     1 ||     4
Armor: Skin              |     7 |    36 |    40 |    49 |    13 ||   145
Dodge: Dodged            |    40 |    81 |   138 |   330 |   122 ||   711
Block: Kite shield       |    31 |    80 |   101 |   370 |   229 ||   811
       Reflection        |       |       |       |     6 |     8 ||    14
